 Dungeon Crawl Stone Soup version 0.22-a0-455-ga0624bf62c (webtiles) character file.

682 MirrMurr the Cudgeler (level 7, -4/44 HPs)
             Began as a Gargoyle Fighter on June 5, 2018.
             Killed by divine providence
             ... invoked by an orc priest
              (17 damage)
             ... on level 5 of the Dungeon.
             The game lasted 00:09:54 (4400 turns).

MirrMurr the Cudgeler (Gargoyle Fighter)            Turns: 4400, Time: 00:09:54

Health: -4/44      AC: 20    Str: 22    XL:     7   Next: 61%
Magic:  7/7        EV:  6    Int:  8    God:
Gold:   247        SH: 15    Dex:  9    Spells: 6/6 levels left

rFire    . . .     SeeInvis .   a - +2 whip (venom)
rCold    . . .     Gourm    .   y - +0 large shield
rNeg     + . .     Faith    .   e - +1 plate armour
rPois    ∞         Spirit   .   (no helmet)
rElec    +         Reflect  .   (no cloak)
rCorr    .         Harm     .   C - +1 pair of gloves
MR       +....                  (no boots)
Stlth    ..........             (no amulet)
HPRegen  0.14/turn              l - +4 ring of evasion
MPRegen  0.10/turn              q - ring of protection from magic

@: no status effects
A: negative energy resistance 1, electricity resistance, unbreathing,
petrification resistance, rot immunity, AC +4
a: no special abilities


You were on level 5 of the Dungeon.
You were hungry.

You visited 1 branch of the dungeon, and saw 5 of its levels.

You collected 247 gold pieces.

Inventory:

Hand Weapons
 a - a +2 whip of venom (weapon)
 b - a +0 hunting sling
 w - a +2 flail of protection
Missiles
 d - 8 poisoned needles
 f - 17 sling bullets
 h - 114 stones
 k - 40 bolts
 x - 7 javelins (quivered)
Armour
 e - a +1 plate armour (worn)
 y - a +0 large shield (worn)
 C - a +1 pair of gloves (worn)
Jewellery
 g - an uncursed amulet of the gourmand {unknown}
 l - a +4 ring of evasion (left hand)
 q - a ring of protection from magic (right hand)
 s - an uncursed amulet of faith {unknown}
 z - a cursed ring of loudness {unknown}
Scrolls
 r - 3 scrolls of remove curse
 t - 3 scrolls of amnesia
 A - a scroll of enchant weapon
 B - a scroll of identify {unknown}
Potions
 i - a potion of flight {unknown}
 j - 2 potions of ambrosia {unknown}
 m - 2 potions of haste {unknown}
 n - 2 potions of agility {unknown}
 p - 2 potions of curing {unknown}
 u - a potion of lignification {unknown}
 v - a potion of berserk rage {unknown}
Comestibles
 c - 17 rations


   Skills:
 + Level 5.1 Fighting
 * Level 5.4 Maces & Flails
 + Level 5.1 Armour
 + Level 5.1 Shields


You had 6 spell levels left.
You didn't know any spells.
Your spell library was empty.

Dungeon Overview and Level Annotations

Branches:
Dungeon (5/15)
 Temple: D:4-7

Altars:
Gozag
Wu Jian
Yredelemnul


Innate Abilities, Weirdness & Mutations

You are resistant to torment.
Your stone body is resilient. (AC +4)
You are immune to poison.
You resist negative energy. (rN+)
You are resistant to electric shocks. (rElec)
You can survive without breathing.
You are immune to petrification.
You are immune to rotting.


Message History

You are feeling hungry.
You kill the orc!
The orc priest barely misses you.
You see here a dagger.
Your plate armour prevents you from hitting the orc priest.
You whack the orc priest!
The orc priest is poisoned.
The orc priest is severely wounded.
The orc priest mumbles some strange prayers to Beogh against you.
Beogh smites you!
* * * LOW HITPOINT WARNING * * *
The orc priest miscasts a cantrip.
You are too injured to fight recklessly!
You are too injured to fight recklessly!
You are too injured to fight recklessly!
You are too injured to fight recklessly!
Sorry, you're not good enough to have a special ability.
You completely miss the orc priest. You block the orc priest's attack. x2
The orc priest invokes the aid of Beogh against you.
Beogh smites you!
You die...

## #.......##
##......####.# #
####...##
##..###...##..#
######...## ##..##
###....##
.#.......#
#####..## #.......#
.........###.....##
#..###.##
...#####(o.(..(..#
#..## ..#
#...#........##..#
#.## ..
##.....###.####oo#
.# .# ##.###
##.####@# .# # #.#
##.###.# #. #
##.##.# ##.### ###


You could see 2 orc priests.

Vanquished Creatures
  An orc warrior (D:3)
  A phantom (D:5)
  An ogre (D:2)
  A howler monkey (D:5)
  A crimson imp (D:3)
  3 orc priests
  An iguana (D:4)
  2 worker ants
  3 gnolls (D:3)
  8 adders
  An ooze (D:3)
  An adder zombie (D:5)
  2 worms
  A dart slug (D:3)
  3 leopard geckos (D:1)
  13 orcs
  6 bats
  3 giant cockroaches
  3 goblins
  6 hobgoblins
  2 quokkas
  A ball python (D:1)
  7 frilled lizards
  5 kobolds
  A leopard gecko skeleton (D:4)
  A quokka skeleton (D:4)
  4 rats
82 creatures vanquished.

Notes
Turn   | Place    | Note
-------+----------+-------------------------------------------
     0 | D:1      | MirrMurr the Gargoyle Fighter began the quest for the Orb.
     0 | D:1      | Reached XP level 1. HP: 14/14 MP: 1/1
   150 | D:1      | Reached XP level 2. HP: 16/19 MP: 2/2
   541 | D:1      | Reached XP level 3. HP: 23/23 MP: 3/3
   908 | D:2      | Noticed an ogre
  1254 | D:2      | Found an ornate altar of the Wu Jian Council.
  1562 | D:2      | Killed an ogre
  1562 | D:2      | Reached XP level 4. HP: 18/29 MP: 4/4
  1562 | D:2      | Reached XP level 5. HP: 21/33 MP: 5/5
  1981 | D:3      | Found an opulent altar of Gozag.
  2091 | D:3      | Reached XP level 6. HP: 34/38 MP: 6/6
  2122 | D:3      | Found a basalt altar of Yredelemnul.
  2264 | D:3      | Noticed an orc warrior
  2398 | D:3      | Killed an orc warrior
  2906 | D:4      | Reached XP level 7. HP: 44/44 MP: 7/7
  3032 | D:4      | Reached skill level 5 in Maces & Flails
  3576 | D:5      | Entered Level 5 of the Dungeon
  3883 | D:5      | Reached skill level 5 in Fighting
  3896 | D:5      | Reached skill level 5 in Armour
  3896 | D:5      | Reached skill level 5 in Shields
  4400 | D:5      | Killed from afar by an orc priest

Vault maps used:
D:1:      dpeg_arrival_shrine
D:2:      lemuel_coloured_pillars_altar, serial_corexii_hall,
          corexii_hall_statues_x, corexii_hall_statues_l
D:3:      overflow_temple_1_default, first_ration, nicolae_gozag_seed_capital
D:4:      hangedman_abyss_or_decor_stabs
D:5:      kennysheep_boxes

Skill      XL: |  1  2  3  4  5  6  7 |
---------------+----------------------+-----
Fighting       | 4 5 |  5.1
Maces & Flails | 3 4 5 |  5.4
Armour         | 4 5 |  5.1
Shields        | 4 5 |  5.1

Action                   |  1- 3 |  4- 6 |  7- 9 || total
-------------------------+-------+-------+-------++-------
Melee: Flail             |    92 |   166 |     6 ||   264
       Whip              |       |    22 |    39 ||    61
 Fire: Hunting sling     |    62 |    54 |    31 ||   147
  Use: Potion            |     1 |       |       ||     1
       Scroll            |       |     6 |     3 ||     9
  Eat: Chunk             |     2 |     5 |     4 ||    11
Armor: Scale mail        |    49 |    33 |       ||    82
       Plate armour      |       |    26 |    12 ||    38
       Chain mail        |       |    15 |       ||    15
Dodge: Dodged            |    33 |    31 |     3 ||    67
Block: Shield            |    45 |    39 |       ||    84
       Large shield      |       |    86 |    31 ||   117

Table legend:
 A = Spawn XP
 B = Non-spawn XP
 C = Spawn XP percentage of total XP
 D = Spawn monster count
 E = Non-spawn monster count
 F = Spawn count percentage of total count
 G = Total turns spent on level
                    A         B        C        D         E        F      G
               +---------+---------+-------+---------+---------+-------+---------
         Total |       0 |     975 |   0.0 |       0 |      82 |   0.0 |  4400
               +---------+---------+-------+---------+---------+-------+---------
           D:1 |       0 |      39 |   0.0 |       0 |      22 |   0.0 |   829
           D:2 |       0 |     135 |   0.0 |       0 |      10 |   0.0 |   978
           D:3 |       0 |     408 |   0.0 |       0 |      35 |   0.0 |  1053
           D:4 |       0 |     163 |   0.0 |       0 |       8 |   0.0 |   729
           D:5 |       0 |     230 |   0.0 |       0 |       7 |   0.0 |   811
               +---------+---------+-------+---------+---------+-------+---------
